 Dungeon Crawl Stone Soup version 0.20-a0-229-ge6e0e65 (webtiles) character file.

142 MrRokkomies the Firebug (level 5, -1/28 HPs)
             Began as a Deep Elf Fire Elementalist on Nov 30, 2016.
             Killed from afar by an orc wizard (11 damage)
             ... with a puff of flame
             ... on level 3 of the Dungeon.
             The game lasted 00:07:50 (2809 turns).

MrRokkomies the Firebug (DEFE)                      Turns: 2809, Time: 00:07:51

Health: -1/28      AC:  3    Str:  5    XL:     5   Next: 4%
Magic:  1/11       EV: 13    Int: 21    God:
Gold:   149        SH:  0    Dex: 15    Spells: 2/10 levels left

rFire  . . .     SeeInvis .     d - +0 mace
rCold  . . .     Gourm    .     a - +0 robe
rNeg   . . .     Faith    .     (no shield)
rPois  .         Spirit   .     l - +0 helmet
rElec  .         Reflect  .     (no cloak)
rCorr  .         Harm     .     (no gloves)
MR     .....                    (no boots)
Stlth  ++........               (no amulet)
                                (no ring)
                                (no ring)

@: lethally poisoned (-1 -> -22)
A: no striking features
a: no special abilities


You were on level 3 of the Dungeon.
You were very hungry.

You visited 1 branch of the dungeon, and saw 3 of its levels.

You collected 149 gold pieces.

Inventory:

Hand Weapons
 d - a +0 mace (weapon)
 s - a +0 blowgun
Missiles
 p - 4 curare-tipped needles
 t - 16 poisoned needles
Armour
 a - a +0 robe (worn)
 l - a +0 helmet (worn)
Wands
 q - a wand of teleportation (4/9)
 r - a wand of random effects (16/48)
Scrolls
 e - 2 scrolls of teleportation
 i - 2 scrolls of blinking
 o - a scroll of fear
 u - a scroll of fog {unknown}
 v - a scroll of identify
Potions
 f - 3 potions of curing
 h - a potion of might
 j - a potion of heal wounds
 k - a potion of cancellation
 m - a potion of agility {unknown}
 n - a potion of lignification {unknown}
Books
 b - a book of Flames

   Spells                             Type                      Level
   a - Flame Tongue                   Conjuration/Fire             1
   b - Throw Flame                    Conjuration/Fire             2
   c - Conjure Flame                  Conjuration/Fire             3
   d - Inner Flame                    Hexes/Fire                   3
   e - Sticky Flame                   Conjuration/Fire             4
   f - Fireball                       Conjuration/Fire             5
Comestibles
 c - 2 bread rations
 g - a meat ration


   Skills:
 - Level 2.4 Dodging
 - Level 2.4 Stealth
 - Level 3.0 Spellcasting
 * Level 3.8 Conjurations
 * Level 5.0 Fire Magic


You had 2 spell levels left.
You knew the following spells:

 Your Spells              Type           Power        Failure   Level  Hunger
a - Flame Tongue          Conj/Fire      ###..        1%          1    None
b - Conjure Flame         Conj/Fire      ###.....     10%         3    ###....
c - Sticky Flame          Conj/Fire      ###.....     24%         4    ####...


Dungeon Overview and Level Annotations

Branches:
Dungeon (3/15)

Altars:

Annotations:
D:3 yrara's ghost, amateur GrFi


Message History

You feel sick. Something barely misses you.
You feel sick.
Casting: Conjure Flame
Confirm with . or Enter, or press ? or * to list all spells.
Aiming: Conjure Flame
Press: ? - help, Dir - move target cursor You see a ghostly outline there, and the spell fizzles.
You feel sick. Something hits you.
You are more poisoned.
Casting: Conjure Flame
Confirm with . or Enter, or press ? or * to list all spells.
Aiming: Sticky Flame
Press: ? - help, Shift-Dir - straight line The sticky flame hits something.
The orc wizard is covered in liquid flames!
You are feeling very hungry.
You feel sick.
The orc wizard burns!
The orc wizard gestures at you while chanting.
The puff of flame hits you!
You die...

......#.................##.#
..
.#....#...#.........#.#....#
..
.+....#..#####......#.#>####
.. ##....#...............#..
..
##....#.#####...#...###.##
##............#............
###+####.######....####...#
###......# #.......# .....#
#........###.###@#.#.#
#).............o.#.#.#
'.......#####.####...# .
#..............(....##.##
####'########............
####... ###....{....#
........# #..........
........# #..........
........# #........o.


You could see an orc wizard (burning).

Vanquished Creatures
  Jessica (D:2)
  4 adders (D:2)
  An ooze (D:1)
  A dart slug (D:1)
  4 leopard geckos (D:2)
  5 orcs (D:3)
  2 giant cockroaches (D:1)
  5 hobgoblins
  6 jackals
  2 kobolds
  4 bats
  2 frilled lizards
  15 goblins
  9 rats
61 creatures vanquished.

Notes
Turn   | Place    | Note
-------+----------+-------------------------------------------
     0 | D:1      | MrRokkomies the Deep Elf Fire Elementalist began the quest for the Orb.
     0 | D:1      | Reached XP level 1. HP: 10/10 MP: 6/6
   232 | D:1      | Reached XP level 2. HP: 15/15 MP: 5/8
   630 | D:1      | Reached XP level 3. HP: 19/19 MP: 6/9
   781 | D:1      | Learned a level 3 spell: Conjure Flame
   833 | D:2      | Reached skill level 4 in Fire Magic
  1456 | D:2      | Reached XP level 4. HP: 24/24 MP: 7/10
  1609 | D:2      | Noticed Jessica
  1612 | D:2      | Killed Jessica
  2048 | D:3      | Noticed a hand axe
  2048 | D:3      | Noticed a hand axe
  2057 | D:3      | Learned a level 4 spell: Sticky Flame
  2083 | D:3      | Noticed a phantom
  2083 | D:3      | Noticed yrara's ghost (amateur GrFi)
  2632 | D:3      | Reached XP level 5. HP: 28/28 MP: 5/11
  2648 | D:3      | Reached skill level 5 in Fire Magic
  2809 | D:3      | Killed from afar by an orc wizard

Vault maps used:
D:1:      dpeg_arrival_lava_altar
D:2:      kennysheep_generic_room_4, uniq_jessica
D:3:      dancing_weapons_uskayaw, first_bread

Skill      XL: |  1  2  3  4  5 |
---------------+----------------+-----
Conjurations   | 2 3 |  3.8
Fire Magic     | 4 5 |  5.0
Dodging        | |  2.4
Stealth        | |  2.4
Spellcasting   | |  3.0

Action                   |  1- 3 |  4- 6 || total
-------------------------+-------+-------++-------
Melee: Mace              |    15 |    58 ||    73
 Cast: Flame Tongue      |    54 |    34 ||    88
       Conjure Flame     |     2 |     5 ||     7
       Sticky Flame      |       |     2 ||     2
  Use: Scroll            |     2 |     5 ||     7
       Potion            |       |     1 ||     1
 Stab: Sleeping          |       |     2 ||     2
  Eat: Chunk             |     2 |     4 ||     6
Armor: Robe              |     4 |    18 ||    22
Dodge: Dodged            |    17 |    73 ||    90
